 Dungeon Crawl Stone Soup version 0.26-a0-546-g3c2127501a (webtiles) character file.

Game seed: 15660454357190197624

39 ANON1729 the Chiller (level 3, -2/27 HPs)
             Began as a Draconian Ice Elementalist on Aug 19, 2020.
             Slain by an adder (3 damage)
             ... on level 2 of the Dungeon.
             The game lasted 00:02:21 (1148 turns).

ANON1729 the Chiller (Draconian Ice Elementalist)   Turns: 1148, Time: 00:02:22

Health: -2/27      AC:  5    Str: 17    XL:     3   Next: 26%
Magic:  6/6        EV: 12    Int: 15    God:
Gold:   125        SH:  0    Dex: 11    Spells: 5/6 levels left

rFire    . . .     SeeInvis .   (no weapon)
rCold    . . .     Faith    .   (no shield)
rNeg     . . .     Spirit   .   (armour unavailable)
rPois    .         Reflect  .   (helmet restricted)
rElec    .         Harm     .   (no cloak)
rCorr    .                      (no gloves)
MR       .....                  (no boots)
Stlth    ++........             (no amulet)
HPRegen  0.09/turn              e - +6 ring of strength
MPRegen  0.10/turn              (no ring)

@: lethally poisoned (-2 -> -12)
A: unfitting armour, cold-blooded, AC +5
a: no special abilities


You were on level 2 of the Dungeon.
You visited 1 branch of the dungeon, and saw 2 of its levels.

You collected 125 gold pieces.

Inventory:

Jewellery
 e - a +6 ring of strength (left hand)
Scrolls
 a - a scroll of fear {unknown}
 b - a scroll of magic mapping
 f - a scroll of remove curse
Potions
 c - a potion of resistance {unknown}
 d - a potion of mutation {unknown}


   Skills:
 + Level 0.8 Fighting
 + Level 2.2 Dodging
 - Level 2.0 Stealth
 + Level 2.3 Spellcasting
 * Level 4.4 Ice Magic


You had 5 spell levels left.
You knew the following spells:

 Your Spells              Type           Power        Failure   Level
a - Freeze                Ice            ###.         3%          1

Your spell library contained the following spells:

 Spells                   Type           Power        Failure   Level
 Frozen Ramparts          Ice            ###...       11%         3
 Ozocubu's Armour         Ice            ###.....     11%         3
 Hailstorm                Conj/Ice       #.......     65%         4
 Summon Ice Beast         Ice/Summ       #.......     65%         4


Dungeon Overview and Level Annotations

Branches:
Dungeon (2/15)

Altars:


Innate Abilities, Weirdness & Mutations

Your plain brown scales are hard. (AC +5)
You cannot fit into any form of body armour.
You are cold-blooded and may be slowed by cold attacks.


Message History

* * * LOW HITPOINT WARNING * * *
You are more poisoned.
The adder poisons you!
You closely miss the adder.
The adder is heavily wounded.
* * * LOW HITPOINT WARNING * * *
You feel sick. The adder closely misses you. The adder barely misses you.
You barely miss the adder.
Your tail-slap misses the adder.
The adder is heavily wounded.
* * * LOW HITPOINT WARNING * * *
You feel sick. The adder bites you.
* * * LOW HITPOINT WARNING * * *
You hit the adder.
The adder is almost dead.
* * * LOW HITPOINT WARNING * * *
You feel sick. The adder closely misses you.
You miss the adder.
The adder is almost dead.
The adder bites you.
You die...

#.##.###.## #.#
#.##.###..##
#.#####.#.........
#....##.#..####.## #....
#.#......... #...
#.#...####.# #.. #.#...
.....
#######.#####.#.#.###.#.
......S@............>...
#############.#.#####.#.
#.#.# #.#) #.# # #.#.
#.# #.#. #.# #... #.#
#######. #.# ........
########


You could see an adder.

Vanquished Creatures
  An adder (D:2)
  3 dart slugs (D:1)
  A leopard gecko (D:1)
  3 giant cockroaches
  2 goblins
  2 hobgoblins (D:1)
  3 kobolds (D:1)
  A ball python (D:1)
  4 bats (D:1)
  3 frilled lizards
  A rat (D:2)
24 creatures vanquished.

Notes
Turn   | Place    | Note
-------+----------+-------------------------------------------
     0 | D:1      | ANON1729 the Draconian Ice Elementalist began the quest for
                  | the Orb.
     0 | D:1      | Reached XP level 1. HP: 14/14 MP: 3/3
   144 | D:1      | Reached XP level 2. HP: 18/20 MP: 0/5
   953 | D:2      | Reached XP level 3. HP: 20/27 MP: 2/6
  1147 | D:2      | HP: 1/27 [poisoned by an adder]
  1148 | D:2      | Slain by an adder

Illustrated notes

Levels and vault maps discovered:
D:1:      saegor_arrival_simple_e, layout_loops_ring
D:2:      minmay_chambers_of_ones, layout_basic, uniq_sigmund

Skill      XL: |  1 |
---------------+----+-----
Stealth        | 2 |  2.0
Dodging        | 2 |  2.2
Fighting       | |  0.8
Spellcasting   | |  2.3
Ice Magic      | |  4.4

Action                   || total
-------------------------++-------
Melee: Unarmed           ||   102
       Tailslap          ||    14
 Cast: Freeze            ||    22
  Use: Scroll            ||     2
 Stab: Sleeping          ||     2
Armor: Skin              ||    48
Dodge: Dodged            ||    87

Table legend: (Time is in decaauts)
 A = Elapsed time spent in this place.
 B = Non-inter-level travel time spent in this place.
 C = Inter-level travel time spent in this place.
 D = Time resting spent in this place.
 E = Time spent auto-exploring this place.
 F = Levels seen in this place.
 G = Mean time per level.
                   A        B        C        D        E       F      G
               +--------+--------+--------+--------+--------+-----+--------+
         Total |   1147 |   1137 |     10 |    293 |    599 |   2 |  573.5 |
       Dungeon |   1147 |   1137 |     10 |    293 |    599 |   2 |  573.5 |
               +--------+--------+--------+--------+--------+-----+--------+

Top non-repeatable levels by time:
     D:1: 928 daAuts
     D:2: 218 daAuts
